 Dungeon Crawl Stone Soup version 0.29-a0-364-g921d912d32 (webtiles) character file.

Game seed: 18331903186806484933

11 spaghetti the Skirmisher (level 2, 26/28 HPs)
             Began as a Naga Berserker on Apr 30, 2022.
             Was a Follower of Trog.
             Quit the game on level 1 of the Dungeon.
             The game lasted 00:01:10 (986 turns).

spaghetti the Skirmisher (Naga Berserker)            Turns: 986, Time: 00:01:11

Health: 26/28      AC:  1    Str: 19    XL:     2   Next: 25%
Magic:  2/2        EV:  9    Int:  7    God:    Trog [*.....]
Gold:   54         SH:  0    Dex: 10    Spells: 1/1 levels left

rFire   . . .      SeeInvis +   a - +0 hand axe {axe}
rCold   . . .      Faith    .   (no shield)
rNeg    . . .      Spirit   .   b - +0 animal skin
rPois   +          Reflect  .   (no helmet)
rElec   .          Harm     .   (no cloak)
rCorr   .          Rampage  .   (no gloves)
Will    .....                   (no barding)
Stlth   +.........              (no amulet)
HPRegen 0.09/turn               (no ring)
MPRegen 0.08/turn               (no ring)

@: very slow
A: AC +0, large, see invisible, deformed body, poison resistance, slowness 2,
spit poison 1, naga tail 1
a: Spit Poison, Renounce Religion, Berserk


You were on level 1 of the Dungeon.
You worshipped Trog.
Trog was aware of your devotion.
You visited 1 branch of the dungeon, and saw 1 of its levels.

You collected 54 gold pieces.


Innate Abilities, Weirdness & Mutations

Your serpentine skin is tough. (AC +0)
You have supernaturally acute eyesight. (SInv)
Armour fits poorly on your strangely shaped body.
Your system is resistant to poisons. (rPois)
You cover ground very slowly.
You can spit poison.
You have a snake-like lower body.


   Skills:
 + Level 3.2 Fighting
 - Level 3.0 Axes
 * Level 2.1 Armour
 - Level 1.5 Dodging


You had one spell level left.
You didn't know any spells.
Your spell library was empty.

Inventory:

Hand Weapons
 a - a +0 hand axe (weapon) {axe}
Missiles
 c - 7 stones (quivered) {throwing}
Armour
 b - a +0 animal skin (worn)
Potions
 d - a potion of brilliance {unknown}
 e - a potion of curing {unknown}

Dungeon Overview and Level Annotations

Branches:
Dungeon (1/15)

Altars:

#####...#.#..#
.........#.#..#
......##.#.#..#
.#.#..........#
.........#.##.#
##...###.#....#
G#...#G#.######
##...###.#
.......@.#
..._..†..#
.........#
##...###.#
G#...#G#.#
##...###..
..... ... ##...
..#


You could see a great orb of eyes, a shining eye, an eye of devastation and a
golden eye.


Message History

There is an open door here.
A frilled lizard comes into view.
You throw a stone {throwing}.
The stone {throwing} hits the frilled lizard but does no damage.
You throw a stone {throwing}.
The stone {throwing} hits the frilled lizard.
You hit the frilled lizard.
You kill the frilled lizard!
Trog accepts your kill.
No target in view!
No target in view!
No target in view!
No target in view!
No target in view!
No target in view!
No target in view!
No target in view!
No target in view!
No target in view!
No target in view!
No target in view!
No target in view!
No target in view!
No target in view!
No target in view!
You see here a frilled lizard corpse.
c - 7 stones {throwing} (gained 1) Key pressed, stopping explore.
You now have 54 gold pieces (gained 2).
Key pressed, stopping explore.
The shining eye turns its gaze towards you. 2 frilled lizards come into view.
The frilled lizard hisses angrily.
The frilled lizard moves out of view.
A frilled lizard is nearby!
A frilled lizard is nearby!
A frilled lizard is nearby!
A frilled lizard is nearby!
Found a faded altar of an unknown god.
The frilled lizard hisses angrily.
Aiming: Spit Poison (2% risk of failure)
Press: ? - help, Shift-Dir - straight line, f - frilled lizard
Aim: a frilled lizard (37% to hit)
The splash of poison misses the frilled lizard.
The eye of devastation turns its gaze towards you.
The great orb of eyes turns its gaze towards you.
The golden eye turns its gaze towards you.
The frilled lizard bites you. x2 😕 HP[-3]
You take 3 damage, and now have 25/28 hp.
You miss the frilled lizard. You barely miss the frilled lizard.
The frilled lizard bites you. x2 😮 HP[-4]
You take 4 damage, and now have 21/28 hp.
A red film seems to cover your vision as you go berserk!
You feel yourself moving faster!
You feel mighty!
You have got your breath back.
The frilled lizard closely misses you.
The frilled lizard misses you. 😮 HP[+10]
You now have 42 max hp (+14).
You regained 10 hp, and now have 31/42 hp.
You completely miss the frilled lizard. You hit the frilled lizard.
You kill the frilled lizard!
Trog accepts your kill.
The shining eye pulsates ominously.
The frilled lizard completely misses you. 😕 HP[+1]
You closely miss the frilled lizard. You closely miss the frilled lizard.
Your punch misses the frilled lizard. The frilled lizard closely misses you.
You miss the frilled lizard. The frilled lizard closely misses you.
You barely miss the frilled lizard. The frilled lizard bites you. 😮 HP[-3]
You take 3 damage, and now have 29/42 hp.
You slash the frilled lizard!
You kill the frilled lizard!
Trog accepts your kill.
You start resting.
You feel a strong urge to attack something.
Unknown command.
You start resting.
You are no longer berserk.
You are exhausted.
You feel yourself slow down. 😮 HP[-10]
You now have 28 max hp (-14).
The great orb of eyes pulsates ominously.
The shining eye pulsates ominously.
The great orb of eyes pulsates ominously.
The golden eye pulsates ominously.
Key pressed, stopping explore.
You feel yourself speed up.
The great orb of eyes pulsates ominously.
You recover from your berserk rage.
The shining eye pulsates ominously.
Key pressed, stopping explore.
Unknown command. 😕 HP[+7]
You regained 7 hp, and now have 26/28 hp.
Are you sure you want to abandon this character and quit the game? (Confirm with "yes".)

Skill      XL: |  1 |
---------------+----+-----
Armour         | 2 |  2.1
Fighting       | |  3.2
Axes           | |  3.0
Dodging        | |  1.5

Action                   || total
-------------------------++-------
Melee: Hand axe          ||    27
Throw: Stone             ||     9
Invok: Berserk           ||     1
 Abil: Spit Poison       ||     3
Armor: Animal skin       ||     6
Dodge: Dodged            ||    18

Levels and vault maps discovered:
D:1:      dpeg_arrival_tiny_a, layout_basic, serial_aquarium,
          aquarium_bridge_straight [aquarium_subvault_bridge,
          aquarium_subvault_window, aquarium_subvault_bridge,
          aquarium_subvault_balcony], aquarium_bridge_straight
          [aquarium_subvault_bridge, aquarium_subvault_window,
          aquarium_subvault_bridge, aquarium_subvault_wall], aquarium_window_1,
          aquarium_window_corner, aquarium_window_2, aquarium_view_2c,
          hellmonk_ecumenical_altar_watching_god, minmay_surrounded

Notes
Turn   | Place    | Note
-------+----------+-------------------------------------------
     0 | D:1      | spaghetti the Naga Berserker began the quest for the Orb.
     0 | D:1      | Reached XP level 1. HP: 21/21 MP: 1/1
     0 | D:1      | magus.rc [v1.9.6]
    81 | D:1      | HP: 5/21 [ball python (3)]
    85 | D:1      | HP: 2/21 [ball python (2)]
   403 | D:1      | Reached skill level 2 in Armour
   403 | D:1      | Reached XP level 2. HP: 28/28 MP: 2/2
   908 | D:1      | Noticed a shining eye
   910 | D:1      | Found a faded altar of an unknown god.
   912 | D:1      | Noticed an eye of devastation
   912 | D:1      | Noticed a great orb of eyes
   912 | D:1      | Noticed a golden eye
   986 | D:1      | Quit the game

Vanquished Creatures
  2 ball pythons (D:1)
  A bat (D:1)
  An endoplasm (D:1)
  A goblin (D:1)
  5 frilled lizards (D:1)
  A rat (D:1)
11 creatures vanquished.

Table legend:
 A = Non-vault XP
 B = Vault XP
 C = Vault XP percentage of total XP
 D = Non-vault monster count
 E = Vault monster count
 F = Vault count percentage of total count
                 A         B        C        D         E       F
            +---------+---------+-------+---------+---------+-------
      Total |      12 |       4 |  25.0 |       8 |       3 |  27.3
            +---------+---------+-------+---------+---------+-------
        D:1 |      12 |       4 |  25.0 |       8 |       3 |  27.3
            +---------+---------+-------+---------+---------+-------

Illustrated notes

Table legend:
 A = Kills in this place as a percentage of kills in entire the game.
 B = Kills by you in this place as a percentage of kills by you in the entire game.
 C = Kills by friends in this place as a percentage of kills by friends in the entire game.
 D = Other kills in this place as a percentage of other kills in the entire game.
 E = Experience gained in this place as a percentage of experience gained in the entire game.
 F = Experience gained in this place divided by the number of levels of this place that you have seen.
                   A       B       C       D       E      F
               +-------+-------+-------+-------+-------+----------------------
         Total | 100.0 | 100.0 |   N/A |   N/A | 100.0 |  16.0
       Dungeon | 100.0 | 100.0 |   N/A |   N/A | 100.0 |  16.0
               +-------+-------+-------+-------+-------+----------------------

Table legend: (Time is in decaauts)
 A = Elapsed time spent in this place.
 B = Non-inter-level travel time spent in this place.
 C = Inter-level travel time spent in this place.
 D = Time resting spent in this place.
 E = Time spent auto-exploring this place.
 F = Levels seen in this place.
 G = Mean time per level.
                   A        B        C        D        E       F      G
               +--------+--------+--------+--------+--------+-----+--------+
         Total |   1228 |   1228 |      0 |    262 |    885 |   1 | 1228.0 |
       Dungeon |   1228 |   1228 |      0 |    262 |    885 |   1 | 1228.0 |
               +--------+--------+--------+--------+--------+-----+--------+

Top non-repeatable levels by time:
     D:1: 1228 daAuts
